 Dungeon Crawl Stone Soup version 0.29-a0-321-gf1c400731a (webtiles) character file.

Game seed: 6148701857639298497

14 experimilk the Magician (level 2, -1/20 HPs)
             Began as a Palentonga Hedge Wizard on Apr 5, 2022.
             Slain by a quokka (2 damage)
             ... on level 1 of the Dungeon.
             The game lasted 00:02:06 (592 turns).

experimilk the Magician (Palentonga Hedge Wizard)    Turns: 592, Time: 00:02:07

Health: -1/20      AC:  4    Str: 13    XL:     2   Next: 27%
Magic:  6/6        EV:  9    Int: 14    God:
Gold:   10         SH:  0    Dex:  9    Spells: 6/7 levels left

rFire   . . .      SeeInvis +   e - +0 executioner's axe
rCold   . . .      Faith    .   (shield currently unavailable)
rNeg    . . .      Spirit   .   b - +0 robe
rPois   .          Reflect  .   c - +0 hat
rElec   .          Harm     .   (no cloak)
rCorr   .          Rampage  .   (no gloves)
Will    .....                   (no barding)
Stlth   +.........              (no amulet)
HPRegen 0.06/turn               (no ring)
MPRegen 0.10/turn               (no ring)

@: no status effects
A: large, rugged brown scales 3, see invisible, deformed body, roll 1, armoured
tail
a: Rolling Charge


You were on level 1 of the Dungeon.
You visited 1 branch of the dungeon, and saw 2 of its levels.

You collected 10 gold pieces.

Inventory:

Hand Weapons
 a - a +0 dagger
 e - a +0 executioner's axe (weapon)
Armour
 b - a +0 robe (worn)
 c - a +0 hat (worn)
Potions
 d - a potion of magic
 f - a potion of heal wounds {unknown}


   Skills:
 + Level 1.1 Axes
 - Level 1.5 Dodging
 - Level 1.2 Stealth
 - Level 3.0 Spellcasting
 - Level 1.3 Conjurations
 - Level 1.1 Summonings
 - Level 1.0 Translocations


You had 6 spell levels left.
You knew the following spells:

 Your Spells              Type           Power      Damage    Failure   Level
a - Magic Dart            Conj           20%        1d4       13%         1

Your spell library contained the following spells:

 Spells                   Type           Power      Damage    Failure   Level
 Call Imp                 Summ           5%         N/A       21%         2
 Slow                     Hex            8%         N/A       22%         1
 Blink                    Tloc           8%         N/A       22%         2
 Conjure Flame            Conj/Fire      3%         6-21      45%         3
 Mephitic Cloud           Conj/Pois/Air  3%         N/A       47%         3


Dungeon Overview and Level Annotations

Branches:
Dungeon (2/15)

Altars:

Shops:
D:1 :


Innate Abilities, Weirdness & Mutations

You are completely covered in rugged brown scales. (AC +3, +7% HP)
You have supernaturally acute eyesight. (SInv)
Armour fits poorly on your strangely shaped body.
You can roll at nearby foes to attack.
You have a long armoured tail.


Message History

The bat hits you but does no damage.
A quokka comes into view.
A giant cockroach comes into view.
The endoplasm freezes you.
You are frozen.
The endoplasm freezes you.
You are frozen.
A frilled lizard comes into view.
The bat hits you but does no damage.
You barely miss the bat. You slash the endoplasm!
You kill the endoplasm!
The bat hits you but does no damage. x2; The bat hits you.
A hobgoblin comes into view. It is wielding a +0 club.
Your Axes skill increases to level 1!
Roll where?
Press: ? - help, Dir - move target, f - giant cockroach
Aim: a giant cockroach You roll forward with a clatter of scales!
You cut the giant cockroach into ribbons!!!
You kill the giant cockroach!
You closely miss the bat. The bat hits you but does no damage. x2
The quokka closely misses you. The frilled lizard bites you.
A rat comes into view.
Unknown command.
The frilled lizard attacks as you move away!
The frilled lizard bites you.
A nearby fungus withers and dies.
The hobgoblin hits you with a +0 club.
* * * LOW HITPOINT WARNING * * *
Unknown command.
You barely miss the frilled lizard.
Your tail-slap misses the frilled lizard.
You miss the bat. You closely miss the quokka. You barely miss the hobgoblin.
The bat hits you.
* * * LOW HITPOINT WARNING * * *
The bat barely misses you. The bat hits you but does no damage.
The quokka bites you but does no damage.
The frilled lizard bites you but does no damage.
The hobgoblin hits you with a +0 club.
* * * LOW HITPOINT WARNING * * *
The quokka bites you.
You die...

## ## .. .##########
###.#####.....#....#
#.............#.##.#
.P..........#.#.##.#
...r..♣..##.#.#.##.#
..♣..?...##.#$...#.#####
...._..@.b..............
..♣♣..lgr...######∩#####
♣♣....°°.######.#####
.P......>..............
..................#####
......##....#####(..
####....[)... +...
########### #.... #....


You could see a quokka, a hobgoblin, a bat, a frilled lizard and a rat.

Vanquished Creatures
  A ball python (D:1)
  3 endoplasms (D:1)
  3 giant cockroaches (D:1)
  A goblin (D:1)
  A hobgoblin (D:1)
  A frilled lizard (D:1)
  A rat (D:1)
11 creatures vanquished.

Vanquished Creatures (others)
  5 fungi (D:1)
  4 plants (D:1)
9 creatures vanquished.

Grand Total: 20 creatures vanquished

Notes
Turn   | Place    | Note
-------+----------+-------------------------------------------
     0 | D:1      | experimilk the Palentonga Hedge Wizard began the quest for
                  | the Orb.
     0 | D:1      | Reached XP level 1. HP: 13/13 MP: 4/4
    19 | D:1      | Reached skill level 1 in Conjurations
    23 | D:1      | Reached skill level 1 in Summonings
   299 | D:1      | Found Seiroan's Book Boutique.
   301 | D:1      | Reached XP level 2. HP: 11/20 MP: 6/6
   587 | D:1      | Found a faded altar of an unknown god.
   590 | D:1      | Reached skill level 1 in Axes
   592 | D:1      | HP: 1/20 [hobgoblin/+0 club (3)]
   592 | D:1      | Slain by a quokka

Illustrated notes

Levels and vault maps discovered:
D:1:      ncdulo_watergridlock, layout_basic, dreamdust_ecumenical_altar_grove,
          serial_shops, shop
D:2:      layout_basic, serial_shops, nicolae_shop_bloodbath_and_beyond,
          st_stairs_1, hangedman_decor_diamond_cutter, minmay_misc_feat_rows

Skill      XL: |  1  2 |
---------------+-------+-----
Conjurations   | 1 |  1.3
Summonings     | 1 |  1.1
Axes           | 1 |  1.1
Dodging        | |  1.5
Stealth        | |  1.2
Spellcasting   | |  3.0
Translocations | |  1.0

Action                   || total
-------------------------++-------
Melee: Dagger            ||    17
       Executioner's axe ||    28
       Tailslap          ||     8
       Punch             ||     1
 Cast: Magic Dart        ||     3
 Abil: Rolling Charge    ||     7
Armor: Robe              ||    32
Dodge: Dodged            ||    22

Table legend: (Time is in decaauts)
 A = Elapsed time spent in this place.
 B = Non-inter-level travel time spent in this place.
 C = Inter-level travel time spent in this place.
 D = Time resting spent in this place.
 E = Time spent auto-exploring this place.
 F = Levels seen in this place.
 G = Mean time per level.
                   A        B        C        D        E       F      G
               +--------+--------+--------+--------+--------+-----+--------+
         Total |    615 |    615 |      0 |    403 |     49 |   2 |  307.5 |
       Dungeon |    615 |    615 |      0 |    403 |     49 |   2 |  307.5 |
               +--------+--------+--------+--------+--------+-----+--------+

Top non-repeatable levels by time:
     D:1: 614 daAuts
     D:2: 1 daAuts
